 Dungeon Crawl Stone Soup version 0.30.1-11-g7821555f0a (webtiles) character file.

Game seed: 6126946378614434631

5314 booth the Grappler (level 10, 0/147 HPs)
             Began as a Troll Fighter on Nov 25, 2023.
             Was a Follower of Trog.
             Slain by a manticore (5 damage)
             ... on level 9 of the Dungeon on Nov 26, 2023.
             The game lasted 00:58:53 (9256 turns).

booth the Grappler (Troll Fighter)                  Turns: 9256, Time: 00:58:53

Health: 0/147      AC:  8    Str: 27    XL:     10   Next: 37%
Magic:  9/9        EV: 11    Int:  5    God:    Trog [*.....]
Gold:   179        SH:  8    Dex: 13    Spells: 9/9 levels left

rFire   . .          .
                       - Unarmed
rCold   . . .        b - +0 kite shield
rNeg    . . .        B - +2 robe {Will+}
rPois   +            (helmet restricted)
rElec   .            w - +1 cloak {rPois}
rCorr   +            (gloves unavailable)
SInv    .            (boots unavailable)
Will    +....        (no amulet) Stlth
                     v - ring of resist corrosion
HPRegen 1.24/turn    (no ring)
MPRegen 0.11/turn

%: no passive effects
@: berserking, very quick
A: large, unfitting armour, claws 3, regeneration 1, shaggy fur 1, tough skin 1,
agile 1, no potion heal 1
a: Renounce Religion, Berserk


You were on level 9 of the Dungeon.
You worshipped Trog.
Trog was aware of your devotion.
You visited 2 branches of the dungeon, and saw 10 of its levels.

You collected 536 gold pieces.
You spent 357 gold pieces at shops.

Inventory:

Hand Weapons
 e - a +0 giant club
 i - a +2 heavy war axe
 s - a +0 mace
 t - a +3 whip of electrocution
Missiles
 g - 3 boomerangs (quivered)
 q - 19 poisoned darts
 x - 4 javelins
 z - 6 atropa-tipped darts
Armour
 b - a +0 kite shield (worn)
 w - a +1 cloak of poison resistance (worn)
 B - a +2 robe of willpower (worn)
Jewellery
 v - a ring of resist corrosion (left claw)
Wands
 o - a wand of charming (8)
Scrolls
 d - a scroll of immolation
 h - a scroll of amnesia
 k - 6 scrolls of fear
 l - 8 scrolls of teleportation
 r - a scroll of vulnerability
 u - 2 scrolls of identify
 y - 2 scrolls of magic mapping
 A - 2 scrolls of fog
Potions
 a - a potion of lignification {unknown}
 c - 2 potions of might
 f - 3 potions of heal wounds
 j - 8 potions of curing
 m - 5 potions of flight
 n - a potion of resistance
 C - a potion of brilliance {unknown}
Miscellaneous
 p - a phial of floods


   Skills:
 + Level 6.2 Fighting
 + Level 4.5 Maces & Flails
 + Level 4.6 Throwing
 + Level 6.1 Dodging
 - Level 3.1 Shields
 * Level 9.8 Unarmed Combat


You had 9 spell levels left.
You didn't know any spells.
Your spell library contained the following spells:

 Spells                   Type           Power      Damage    Failure   Level
 Sublimation of Blood     Necr           0%         N/A       85%         2
 Dazzling Flash           Conj/Hex       0%         N/A       97%         3
 Volatile Blastmotes      Fire/Tloc      0%         2d10      97%         3
 Iskenderun's Mystic Bla  Conj/Tloc      0%         2d3       100%        4
 Petrify                  Tmut/Erth      0%         N/A       100%        4
 Irradiate                Conj/Tmut      0%         3d11      100%        5
 Starburst                Conj/Fire      0%         6d3       100%        6


Dungeon Overview and Level Annotations

Branches:
Dungeon (9/15)             Temple (1/1) D:7            Lair (0/5) D:8
    Orc (0/2) D:9

Altars:
Ashenzari
Cheibriados
Dithmenos
Elyvilon
Fedhas
Gozag
Hepliaklqana
Kikubaaqudgha
Makhleb
Nemelex Xobeh
Okawaru
Qazlal
Ru
Sif Muna
Trog
Uskayaw
Vehumet
Wu Jian
Xom
Yredelemnul
Zin
The Shining One

Shops:
D:6 (   D:7 :[=*(

Annotations:
D:3 3 runed translucent doors, Enter's ghost, weakling OgBe
D:8 2 transporters


Innate Abilities, Weirdness & Mutations

You are too large for most types of armour.
You have claws for hands.
Your natural rate of healing is unusually fast.
You are covered in fur. (AC +1)
You have tough skin. (AC +1)
You are agile. (Dex +4, Str/Int -1)
Potions are less effective at restoring your health.


Message History

The manticore claws you but does no damage.
You scratch the manticore.
The manticore is heavily wounded.
You block the manticore's attack. The manticore claws you. x2
You barely miss the manticore.
The manticore is heavily wounded.
The manticore completely misses you. The manticore claws you.
The manticore closely misses you.
You claw the manticore!
The manticore is heavily wounded.
You block the manticore's attack.
The manticore claws you but does no damage.
The manticore claws you!
You claw the manticore!
The manticore is almost dead.
You carefully extract the barbed spikes from your body.
You scratch the manticore.
The manticore is almost dead.
The manticore bites you but does no damage.
The manticore claws you! The manticore claws you.
You scratch the manticore but do no damage.
The manticore is almost dead.
The manticore bites you!
* * * LOW HITPOINT WARNING * * *
The manticore claws you.
* * * LOW HITPOINT WARNING * * *
The manticore claws you.
* * * LOW HITPOINT WARNING * * *
A red film seems to cover your vision as you go berserk!
You feel yourself moving faster!
You feel mighty!
The manticore bites you but does no damage.
The manticore claws you!
* * * LOW HITPOINT WARNING * * *
The manticore closely misses you.
You barely miss the manticore.
The manticore is almost dead.
The manticore bites you!!
* * * LOW HITPOINT WARNING * * *
The manticore barely misses you. The manticore claws you.
You die...

####......o.
........##
.........)..
.......... ##
#.)..(..
o..#######
....##....)#
...........+
####....#
#....# +.##H#
#.##@#
#.##.####
#.##.#..#
#.##.#..#
#....'..#
######..#
#..##..#
######.
#......#
#......
###+####......#
#......


You could see a manticore.

Vanquished Creatures
  Erolcha (D:9)
  A two-headed ogre (D:9)
  Pikel (D:8)
  A troll (D:9)
  Sigmund (D:6)
  A vampire (D:9)
  A wyvern (D:8)
  A steam dragon (D:7)
  2 water moccasins (D:8)
  An ogre (D:6)
  2 orc warriors
  An ice beast (D:6)
  3 sky beasts
  A centaur (D:7)
  A lemure (D:8)
  A phantom (D:5)
  A kobold brigand (D:8)
  A bullfrog (D:6)
  3 scorpions
  9 wights
  3 howler monkeys
  5 jellies
  4 orc priests
  2 hounds
  Crazy Yiuf (D:7)
  13 orc wizards
  7 gnolls
  11 adders
  2 shadow imps
  5 white imps
  An ufetubus (D:6)
  4 worms
  A dart slug (D:1)
  20 orcs
  5 endoplasms
  A giant cockroach (D:1)
  7 goblins
  11 hobgoblins
  2 quokkas
  8 ball pythons
  7 bats
  A frilled lizard (D:2)
  10 kobolds
  5 rats
170 creatures vanquished.

Notes
Turn   | Place    | Note
-------+----------+-------------------------------------------
     0 | D:1      | booth the Troll Fighter began the quest for the Orb.
     0 | D:1      | Reached XP level 1. HP: 22/22 MP: 0/0
   346 | D:1      | Reached XP level 2. HP: 29/29 MP: 1/1
   856 | D:2      | Reached XP level 3. HP: 36/36 MP: 2/2
  1564 | D:3      | Reached skill level 3 in Unarmed Combat
  1591 | D:3      | Reached XP level 4. HP: 44/44 MP: 3/3
  1667 | D:3      | Found a runed translucent gate.
  1670 | D:3      | Found a runed translucent gate.
  1670 | D:3      | Noticed Enter's ghost (weakling OgBe)
  1671 | D:3      | Found a runed translucent gate.
  1983 | D:3      | Found a faded altar of an unknown god.
  2032 | D:3      | Reached XP level 5. HP: 53/53 MP: 4/4
  2141 | D:3      | Reached skill level 4 in Unarmed Combat
  2334 | D:3      | Gained mutation: You are agile. (Dex +4, Str/Int -1)
                  | [potion of mutation]
  2334 | D:3      | Gained mutation: Potions are less effective at restoring
                  | your health. [potion of mutation]
  2867 | D:4      | Reached XP level 6. HP: 61/61 MP: 5/5
  3010 | D:4      | You fall into a shaft and drop 1 floor!
  3010 | D:5      | Entered Level 5 of the Dungeon
  3772 | D:5      | Reached skill level 5 in Unarmed Combat
  3835 | D:5      | Reached XP level 7. HP: 62/68 MP: 6/6
  3894 | D:5      | Found a glowing golden altar of the Shining One.
  4257 | D:6      | Reached skill level 6 in Unarmed Combat
  4389 | D:6      | Found Sasigaqa's Antique Weapon Boutique.
  4833 | D:6      | Noticed Sigmund
  4844 | D:6      | Killed Sigmund
  4845 | D:6      | Reached skill level 1 in Maces & Flails
  4845 | D:6      | Reached skill level 1 in Throwing
  4845 | D:6      | Reached XP level 8. HP: 68/79 MP: 7/7
  4953 | D:6      | Reached skill level 7 in Unarmed Combat
  5754 | D:7      | Found Esagotott's General Store.
  5758 | D:7      | Bought 3 scrolls of teleportation for 90 gold pieces
  5758 | D:7      | Bought a scroll of identify for 20 gold pieces
  5764 | D:7      | Found Icief's Weapon Emporium.
  5866 | D:7      | Found Cedwel Qyomu's Antique Armour Shoppe.
  5874 | D:7      | Bought a runed cloak for 247 gold pieces
  6006 | D:7      | Found Mell's Book Emporium.
  6042 | D:7      | Found Namuan's Jewellery Shoppe.
  6104 | D:7      | Found a staircase to the Ecumenical Temple.
  6134 | Temple   | Entered the Ecumenical Temple
  6288 | Temple   | Became a worshipper of Trog the Wrathful
  6784 | D:7      | Reached skill level 5 in Fighting
  6784 | D:7      | Reached skill level 5 in Dodging
  6886 | D:7      | Reached XP level 9. HP: 85/88 MP: 8/8
  6917 | D:7      | Reached skill level 8 in Unarmed Combat
  7056 | D:7      | Found a runed translucent door.
  7057 | D:7      | Noticed Crazy Yiuf
  7355 | D:7      | Killed Crazy Yiuf
  7470 | D:8      | Found a transporter.
  7676 | D:8      | Noticed Pikel
  7697 | D:8      | Killed Pikel
  8101 | D:8      | Found a transporter.
  8104 | D:8      | Noticed a kobold demonologist
  8345 | D:8      | Reached * piety under Trog
  8346 | D:8      | Reached skill level 9 in Unarmed Combat
  8450 | D:8      | Found a staircase to the Lair.
  8576 | D:9      | Noticed a troll
  8591 | D:9      | Killed a troll
  8612 | D:9      | Noticed a manticore
  8840 | D:9      | Reached XP level 10. HP: 81/98 MP: 9/9
  8897 | D:9      | Noticed Erolcha
  8906 | D:9      | Killed Erolcha
  9126 | D:9      | Found a staircase to the Orcish Mines.
  9209 | D:9      | Noticed a two-headed ogre
  9222 | D:9      | Killed a two-headed ogre
  9256 | D:9      | HP: 5/147 [manticore (20)]
  9256 | D:9      | Slain by a manticore

Illustrated notes

Levels and vault maps discovered:
D:1:      minmay_arrival_split_and_join, layout_basic, amcnicky_mini_pool_small
D:2:      minmay_angry_zag, layout_basic, grunt_decor_fettered,
          minmay_misc_feat_ornament, minmay_misc_feat_more_columns
D:3:      layout_basic, ebering_ghost_rock_garden, basic_ecumenical_altar,
          minmay_joined_circles
D:4:      layout_loops_corners, kennysheep_donut
D:5:      layout_basic, tso_altar
D:6:      kennysheep_spiral_hall, layout_layer_cave, serial_shops, shop,
          uniq_sigmund
D:7:      nicolae_cairo_tiling_large_dashed, layout_loops_ring,
          minmay_temple_entry_crystal_x, serial_shops, shop, shop,
          nicolae_shop_hallway_stairs, shop, nicolae_shop_hallway_plus,
          enter_bailey_1, wad_floor_pattern_2, uniq_crazy_yiuf_cottage
D:8:      gammafunk_wand_slinger, layout_cave_pods, lair_entry_dummy,
          kennysheep_flooded_box, uniq_pikel
D:9:      layout_stronghold, orc_0_dummy, uniq_erolcha
Temple:   mainiacjoe_temple_starburst

Skill      XL: |  1  2  3  4  5  6  7  8  9 10 |
---------------+-------------------------------+-----
Shields        | 3 |  3.1
Unarmed Combat | 3 4 5 6 7 9 |  9.8
Fighting       | 3 4 5 6 |  6.2
Dodging        | 3 4 5 6 |  6.1
Maces & Flails | 1 2 4 |  4.5
Throwing       | 1 2 4 |  4.6

Action                     |  1- 3 |  4- 6 |  7- 9 | 10-12 || total
---------------------------+-------+-------+-------+-------++-------
  Melee: Unarmed           |   103 |   137 |   257 |    17 ||   514
  Throw: Boomerang         |     8 |    12 |    62 |     7 ||    89
         Javelin           |       |       |     6 |     1 ||     7
 Invoke: Berserk           |       |       |     1 |     2 ||     3
    Use: Scroll            |     6 |     4 |     4 |       ||    14
         Potion            |       |     1 |     1 |       ||     2
 Armour: Robe              |    22 |    32 |    69 |     4 ||   127
  Dodge: Dodged            |    24 |    28 |    72 |     5 ||   129
  Block: Kite shield       |    29 |    31 |    79 |     3 ||   142
